 Dungeon Crawl Stone Soup version 0.18-a0-775-g4d9e04e (webtiles) character file.

5852 JokEr the Fighter (level 10, -5/92 (94) HPs)
             Began as a Ghoul Monk on Dec 13, 2015.
             Was a Follower of Ru.
             Slain by a molten gargoyle
             ... wielding a +0 flail
              (9 damage)
             ... on level 11 of the Dungeon.
             The game lasted 00:27:51 (8476 turns).

JokEr the Fighter (Ghoul Monk)                      Turns: 8476, Time: 00:27:51

HP:   -5/92 (94)    AC: 10    Str: 19    XL:     10   Next: 81%
MP:   9/9           EV: 12    Int:  5    God:    Ru [*.....]
Gold: 547           SH:  0    Dex: 13    Spells: 0 memorised, 9 levels left

rFire  + . .     SeeInvis .       - Unarmed
rCold  + + .     Clarity  .     v - +4 ring mail
rNeg   + + +     SustAt   .     (no shield)
rPois  ∞         Gourm    .     (no helmet)
rElec  +         Spirit   .     (no cloak)
rCorr  +         Dismiss  .     (no gloves)
rMut   .         Stasis   .     z - +0 pair of boots
MR     .....                    A - amulet of regeneration
Stlth  ++++......               y - +1 ring of slaying
                                d - +2 ring of dexterity

@: resistant, rotting, not resistant to hostile enchantments, stealthy
A: rotting body, claws 1, carnivore 3, cold resistance 1, negative energy
resistance 3, slow regeneration 1, torment resistance, unbreathing, no hexes
magic, no ice magic, no summoning magic
a: Renounce Religion


You were on level 11 of the Dungeon.
You worshipped Ru.
Ru was aware of your devotion.
You were not hungry.

You visited 2 branches of the dungeon, and saw 12 of its levels.

You collected 547 gold pieces.

Inventory:

Armour
 v - a +4 ring mail (worn)
 z - a +0 pair of boots (worn)
Jewellery
 d - a +2 ring of dexterity (left claw)
 m - a +3 ring of intelligence
 y - a +1 ring of slaying (right claw)
 A - an amulet of regeneration (around neck)
 B - an uncursed ring of protection from fire {unknown}
 E - an uncursed ring of ice {unknown}
Wands
 i - a wand of flame (36)
 p - a wand of disintegration (0)
Scrolls
 a - 2 scrolls of identify
 f - 4 scrolls of remove curse
 t - a scroll of amnesia
 w - 2 scrolls of teleportation
 C - a scroll of silence
Potions
 c - 2 potions of resistance
 e - 3 potions of magic {unknown}
 g - a potion of haste {unknown}
 h - 2 potions of heal wounds {unknown}
 j - a potion of beneficial mutation {unknown}
 n - a potion of curing {unknown}
 o - a potion of cure mutation {unknown}
 s - 2 potions of lignification {unknown}
 u - a potion of berserk rage {unknown}
 D - 2 potions of might {unknown}
 F - a potion of invisibility {unknown}
Books
 G - a book of Summonings

   Spells                             Type                      Level
   a - Recall                         Summoning/Translocation      3
   b - Aura of Abjuration             Summoning                    5
   c - Shadow Creatures               Summoning                    5
   d - Summon Demon                   Summoning                    5
   e - Summon Forest                  Summoning/Translocation      5
   f - Summon Mana Viper              Hexes/Summoning              5
Comestibles
 b - 4 meat rations
 l - 7 beef jerkies
 q - 2 slices of pizza


   Skills:
 + Level 10.6 Fighting
 + Level 4.0 Dodging
 - Level 10.5 Stealth
 + Level 10.6 Unarmed Combat


You had 9 spell levels left.
You didn't know any spells.

Dungeon Overview and Level Annotations

Branches:
Dungeon (11/15)            Temple (1/1) D:7
   Lair: D:8-11         Orc: D:9-12

Altars:
Ashenzari
Cheibriados
Dithmenos
Elyvilon
Fedhas
Gozag
Makhleb
Nemelex Xobeh
Okawaru
Qazlal
Ru
Trog
Vehumet
Xom
Yredelemnul
Zin
The Shining One


Innate Abilities, Weirdness & Mutations

Your body is rotting away.
You thrive on raw meat.
You are immune to poison.
You have sharp fingernails.
You are carnivorous and can eat meat at any time.
Your flesh is cold resistant.
You are immune to negative energy.
You regenerate slowly when monsters are visible.
You are immune to unholy pain and torment.
You can survive without breathing.
You cannot study or cast Hexes magic.
You cannot study or cast Ice magic.
You cannot study or cast Summoning magic.


Message History

You feel protected. The molten gargoyle misses you.
You scratch the molten gargoyle but do no damage.
The molten gargoyle is almost destroyed.
You scratch the molten gargoyle but do no damage.
The molten gargoyle is almost destroyed.
The molten gargoyle misses you.
You scratch the molten gargoyle but do no damage.
The molten gargoyle is almost destroyed.
The molten gargoyle hits you with a flail!
* * * LOW HITPOINT WARNING * * *
You are engulfed in flames.
You resist.
* * * LOW HITPOINT WARNING * * *
Drink which item? (? for menu, Esc to quit)
Okay, then.
Read which item? (? for menu, Esc to quit)
As you read the scroll of fog, it crumbles to dust.
The scroll dissolves into smoke.
The molten gargoyle hits you with a flail!
You die...

#≈§.§§#
#§≈..≈##
#§§≈≈.≈≈#
#≈§##..§##
#≈≈# ##§§§#
#≈# ##§§§#
#§ ##..≈≈#
##§##§§.≈§#
#§9@§§≈≈##
#§§§§≈≈##
#≈≈§§§§≈#
#≈..§≈≈##
##.§≈≈##
#≈§.≈#
#≈§.§.
##§§§.


You could see a molten gargoyle.

Vanquished Creatures
  A hill giant (D:10)
  Pikel (D:5)
  Maurice (D:10)
  A molten gargoyle (D:11)
  Grinder (D:5)
  2 wyverns
  Sigmund (D:5)
  2 hippogriffs (D:10)
  A hungry ghost (D:10)
  Menkaure (D:6)
  Edmund (D:6)
  A water moccasin (D:5)
  An ice beast (D:10)
  An eye of draining (D:10)
  2 sky beasts
  3 centaurs
  2 phantoms
  A necrophage (D:7)
  7 ogres
  The ghost of corax the Covert, an amateur SpAs (D:6)
  A big kobold (D:7)
  2 giant frogs (D:8)
  2 giant frog zombies
  2 lava snakes (D:11)
  3 hounds
  A jelly (D:10)
  2 quasits (D:10)
  5 orc priests
  3 iguanas
  4 orc wizards
  A giant frog skeleton (D:6)
  Natasha (twice) (D:4)
  7 worker ants
  A gnoll (D:1)
  2 worker ant zombies
  9 adders
  A shadow imp (D:6)
  An ooze (D:1)
  An adder skeleton (D:10)
  An adder zombie (D:5)
  4 worms
  5 giant geckos
  17 orcs
  8 giant cockroaches
  6 hobgoblins
  21 jackals
  2 quokkas
  6 bats
  5 giant newts
  11 goblins
  A jackal zombie (D:5)
  9 kobolds
  A quokka skeleton (D:6)
  10 rats
189 creatures vanquished.

Vanquished Creatures (others)
  A worker ant (D:5)
  An adder (D:5)
2 creatures vanquished.

Grand Total: 191 creatures vanquished

Notes
Turn   | Place    | Note
--------------------------------------------------------------
     0 | D:1      | JokEr the Ghoul Monk began the quest for the Orb.
     0 | D:1      | Reached XP level 1. HP: 19/19 MP: 0/0
   143 | D:1      | Reached XP level 2. HP: 23/25 MP: 1/1
   473 | D:1      | Reached XP level 3. HP: 28/31 MP: 2/2
  1273 | D:2      | Reached XP level 4. HP: 23/40 MP: 3/3
  1829 | D:2      | Reached skill level 5 in Unarmed Combat
  2320 | D:3      | Reached XP level 5. HP: 44/44 MP: 4/4
  2981 | D:4      | Noticed a phantom
  3011 | D:4      | Killed a phantom
  3011 | D:4      | Reached XP level 6. HP: 43/55 MP: 5/5
  3169 | D:4      | Reached skill level 5 in Fighting
  3320 | D:4      | Found a shattered altar of Ashenzari.
  3586 | D:4      | Found a burning altar of Makhleb.
  3654 | D:4      | Noticed Natasha
  3661 | D:4      | Reached skill level 5 in Stealth
  3661 | D:4      | Reached XP level 7. HP: 55/61 MP: 6/6
  3662 | D:4      | Killed Natasha
  3662 | D:4      | Reached skill level 6 in Unarmed Combat
  3673 | D:4      | Noticed Natasha
  3679 | D:4      | Killed Natasha
  4117 | D:4      | Found a bloodstained altar of Trog.
  4205 | D:5      | Entered Level 5 of the Dungeon
  4323 | D:5      | Reached XP level 8. HP: 63/71 MP: 7/7
  4391 | D:5      | Noticed Sigmund
  4421 | D:5      | Killed Sigmund
  4421 | D:5      | Reached skill level 7 in Unarmed Combat
  4803 | D:5      | Noticed Grinder
  5068 | D:5      | Paralysed by Grinder for 6 turns
  5090 | D:5      | Paralysed by Grinder for 2 turns
  5092 | D:5      | Killed Grinder
  5310 | D:5      | Noticed Pikel
  5325 | D:5      | Killed Pikel
  5325 | D:5      | Reached skill level 8 in Fighting
  5325 | D:5      | Reached XP level 9. HP: 60/80 MP: 8/8
  5547 | D:6      | Noticed Menkaure
  5549 | D:6      | Noticed corax's ghost (amateur SpAs)
  5559 | D:6      | Killed corax's ghost
  5566 | D:6      | Killed Menkaure
  5657 | D:6      | Noticed Edmund
  5670 | D:6      | Killed Edmund
  5861 | D:6      | Reached skill level 9 in Unarmed Combat
  6456 | D:7      | Found a staircase to the Ecumenical Temple.
  6463 | Temple   | Entered the Ecumenical Temple
  6640 | Temple   | Became a worshipper of Ru the Awakened
  6646 | Temple   | Gained mutation: You cannot study or cast Ice magic. [Ru sacrifice]
  6646 | Temple   | Gained mutation: You cannot study or cast Hexes magic. [Ru sacrifice]
  6646 | Temple   | Gained mutation: You cannot study or cast Summoning magic. [Ru sacrifice]
  6646 | Temple   | Reached * piety under Ru
  7422 | D:8      | Reached XP level 10. HP: 74/91 MP: 9/9
  7539 | D:8      | Found an opulent altar of Gozag.
  7603 | D:8      | You fall through a shaft for 2 floors!
  7603 | D:10     | Entered Level 10 of the Dungeon
  7741 | D:10     | Noticed a hill giant
  7759 | D:10     | Killed a hill giant
  7759 | D:10     | Reached skill level 10 in Fighting
  7759 | D:10     | Reached skill level 10 in Stealth
  7759 | D:10     | Reached skill level 10 in Unarmed Combat
  7769 | D:10     | Noticed Maurice
  7961 | D:10     | Killed Maurice
  8455 | D:11     | Noticed a molten gargoyle
  8463 | D:11     | Killed a molten gargoyle
  8464 | D:11     | Noticed a molten gargoyle
  8475 | D:11     | HP: 4/92 [molten gargoyle/flail (6)]
  8476 | D:11     | Slain by a molten gargoyle

Vault maps used:
D:1:      minmay_arrival_three_doors
D:2:      kennysheep_the_goblin_king, nrook_loot_triangle
D:3:      first_bread
D:4:      lightli_temple_of_fire, nicolae_overflow_crystal_walls,
          kennysheep_mini, moated_statue, uniq_natasha
D:5:      minmay_holes, uniq_pikel, uniq_sigmund, uniq_grinder
D:6:      minmay_crystal_water, uniq_menkaure, uniq_edmund
D:7:      minmay_liquid_box, minmay_misc_feat_alley, grunt_ogre_cave,
          nicolae_underground_beach
D:8:      lemuel_crystal_altar, david_lair_shrubbed, kennysheep_nub,
          grunt_pakellas_basics
D:9:      overflow_temple_1_default, old_standard_altar, kennysheep_mini_moat,
          uniq_erolcha
D:10:     uniq_maurice
D:11:     cheibrodos_magma_flow
Temple:   nicolae_temple_figure_eight

Action                   |  1- 3 |  4- 6 |  7- 9 | 10-12 || total
-------------------------+-------+-------+-------+-------++-------
Melee: Unarmed           |    97 |   187 |   344 |   155 ||   783
Invok: Sacrifice Arcana  |       |       |     1 |       ||     1
Evoke: Wand              |       |     4 |    13 |       ||    17
  Use: Scroll            |     4 |     3 |     7 |     3 ||    17
       Potion            |       |       |     1 |     1 ||     2
 Stab: Sleeping          |     5 |     6 |     9 |     5 ||    25
       Distracted        |       |       |     2 |       ||     2
  Eat: Chunk             |    11 |    13 |    45 |     9 ||    78
       Royal jelly       |       |       |     1 |       ||     1
